[Event "Reykjavik Open 2022"]
[Site "Reykjavik"]
[Date "2022.04.09"]
[Round "5.26"]
[White "Decosse, Jean-Fabien"]
[Black "Dishman, Stephen"]
[Result "0-1"]
[ECO "D12"]
[WhiteElo "2156"]
[BlackElo "2332"]
[Annotator "TA"]
[PlyCount "103"]
[EventDate "2022.04.06"]
[EventCountry "ISL"]
[SourceTitle "playchess.com"]
[Source "ChessBase"]
[SourceQuality "1"]
[TimeControl "40/5400+30:1800+30"]

1. d4 d5 2. c4 c6 3. Nf3 Nf6 4. e3 Bf5 5. Nc3 e6 6. Nh4 Be4 7. f3 Bg6 8. Qb3 Qc7 9. Nxg6 {[%emt 0:00:42] D12: Slav Defence: 3 Nf3 Nf6 4 e3 Bf5.} hxg6 10. Bd2 {[%emt 0:00:15] The main line 10.Bd2 scores better than 10.g3.} Be7 11. O-O-O {[%emt 0:02:05] The position is equal.} dxc4 12. Bxc4 b5 13. Bd3 {[%emt 0:02:23] [#]} a5 $146 ({Predecessor:} 13... a6 14. a4 Nbd7 15. Kb1 O-O 16. Rc1 c5 17. axb5 axb5 18. Nxb5 Qb7 19. Kc2 Rab8 {0-1 (31) Yakubboev,N (2591)-Harikrishna,P (2719) Chess.com INT 2020}) 14. Qc2 Na6 {[%emt 0:07:46] With the idea ...Nb4.} 15. Ne2 (15. Ne4 $11) 15... O-O $15 (15... Nb4 16. Bxb4 axb4 17. Bxb5 $1 $14) 16. Kb1 a4 (16... Nb4 $17 17. Bxb4 axb4) 17. Rc1 $11 Rfc8 18. e4 (18. h4 $1 $11) 18... a3 (18... Nb4 19. Bxb4 Bxb4 20. Bxb5 $1 $14) ({Black should play} 18... Qd7 $17) 19. b3 $15 Qb7 ({Don't play} 19... Nb4 20. Bxb4 Bxb4 21. Bxb5 $1 $11) 20. Be3 c5 $36 {[%emt 0:04:13][%mdl 2048] Black has the initiative.} 21. dxc5 Nxc5 (21... Bxc5 $15 {feels stronger.} 22. Qd2 Bb4) 22. Bxc5 (22. Nd4 $11) 22... Bxc5 $17 ({And not} 22... Rxc5 23. Qd2 $17) 23. Qd2 {[%emt 0:03:13] Inhibits Be3.} Qb6 {[%emt 0:02:55] &Nero is more active.} 24. Rhd1 Rc7 25. Qe1 Rac8 26. Rc2 Nd7 27. f4 Nb8 (27... Nf6 $142 {aiming for ...Ng4.} 28. Qg3 Rd8) 28. Nc3 (28. f5 $17 {was worth a try.}) 28... Bf8 29. Rdc1 (29. f5 $17 {is a better defense.}) 29... Qd4 $2 ({Black should try} 29... Na6 $1 $19 {[%cal Ra6b4] And now ...Nb4 would win.} 30. Bxb5 Nb4) 30. Nxb5 Qxd3 31. Nxc7 Rxc7 32. Qe2 Qxe2 {[%emt 0:01:46] Really sharp!} 33. Rxe2 Rxc1+ 34. Kxc1 Nc6 35. Kd2 Nb4 36. Kc3 f5 37. Kd4 Kf7 38. h4 (38. exf5 $11 {keeps the balance.} gxf5 39. g3) 38... Be7 (38... fxe4 $1 $17 {Strongly threatening ...Be7.} 39. g4 Be7) 39. g3 $2 {[%emt 0:00:05][%mdl 8192] [#] Now White is beyond hope.} ({White must play} 39. exf5 $15 gxf5 40. g3) 39... fxe4 $1 $19 40. Kxe4 {[%emt 0:00:00] [#]} (40. Rd2 $142 Bf6+ 41. Kc4) 40... Bf6 $1 {[%emt 0:00:00] Hoping for ...Bb2.} 41. Rd2 Bb2 42. Rd7+ Kf8 43. Ra7 Nxa2 44. Kd3 Nb4+ 45. Kc4 {[%emt 0:00:22] [#]} a2 $1 46. Kxb4 (46. Ra8+ Ke7) 46... a1=Q 47. Rxa1 Bxa1 48. Kc5 e5 {[%emt 0:01:04] ( -> ...exf4)} 49. b4 exf4 {[%emt 0:00:43] Black mates.} 50. gxf4 Bf6 51. b5 Bxh4 52. Kd4 {[%emt 0:01:10] Weighted Error Value: White=0.99/Black=0.23 (precise)} 0-1

[Event "Reykjavik Open 2022"]
[Site "Reykjavik"]
[Date "2022.04.09"]
[Round "5.27"]
[White "Marie, Maxime"]
[Black "Brunello, Marina"]
[Result "0-1"]
[ECO "A20"]
[WhiteElo "2175"]
[BlackElo "2352"]
[Annotator "TA"]
[PlyCount "76"]
[EventDate "2022.04.06"]
[EventCountry "ISL"]
[SourceTitle "playchess.com"]
[Source "ChessBase"]
[SourceQuality "1"]
[TimeControl "40/5400+30:1800+30"]

1. c4 e5 2. g3 Nf6 3. Bg2 c6 4. Nf3 e4 5. Nd4 Qb6 6. e3 {[%emt 0:04:45] A20: English Opening: 1...e5.} d5 7. cxd5 cxd5 8. d3 {[%emt 0:03:19] The position is equal.} Nc6 9. Nxc6 bxc6 10. dxe4 $1 Nxe4 11. O-O Ba6 12. Re1 Bb4 13. Nd2 {[%emt 0:00:52] [#]} (13. Bd2 $5) 13... O-O $146 ({Predecessor:} 13... Nc5 14. Qg4 O-O 15. a3 Nd3 16. Rd1 f5 17. Qd4 Bc5 {0-1 (17) Videnova,I (1994)-Janev,E (2420) Sunny Beach 2004}) 14. Qc2 f5 15. a3 Bxd2 16. Bxd2 c5 17. Rad1 Rac8 18. b3 ({Better is} 18. f3 $11 Nxd2 19. Rxd2) 18... d4 $15 19. Bc1 Rfd8 {[%emt 0:03:19] &Nero is much more active.} (19... d3 $15 20. Rxd3 Bxd3 21. Qxd3 Kh8) 20. Bxe4 (20. Bf1 $11 {keeps the balance.}) 20... fxe4 $17 21. Qxe4 d3 {[%emt 0:03:07] Hoping for ...c4.} 22. Bd2 Bb7 23. Qg4 (23. Qf5 $11) 23... Qxb3 24. e4 Ba8 25. Rc1 Qf7 26. Re3 h5 27. Qg5 c4 28. Bc3 Re8 29. Rf3 Qd7 30. Rf6 $2 (30. Rf4 $1 $11) 30... Rxe4 $19 (30... Bxe4 31. f3 Bb7 32. Rd6 $17 (32. Rg6 $2 Re7 $19)) 31. Rd6 Qb7 {[%emt 0:00:21][%cal Oe4e1] ( -> ...Re1+!)} 32. f3 {[%emt 0:01:00] [#]} Rg4 $40 {[%emt 0:03:28][%mdl 640] Black has strong attack.} 33. Rd8+ Rxd8 {[%emt 0:00:14] Dancing on a razor blade.} 34. Qxd8+ Kh7 35. Qe8 $2 {[%emt 0:00:40] [#]} (35. Rf1) 35... Rxg3+ $3 {[%emt 0:01:20][%mdl 512] Black is clearly winning.} 36. hxg3 Qxf3 37. Qxa8 Qxa8 38. Rf1 Qd5 {[%emt 0:00:13] Weighted Error Value: White=0.44/Black=0.09 (flawless)} 0-1

[Event "Reykjavik Open 2022"]
[Site "Reykjavik"]
[Date "2022.04.09"]
[Round "5.28"]
[White "Johannsson, Birkir Isak"]
[Black "Cummings, David H."]
[Result "0-1"]
[ECO "D45"]
[WhiteElo "2103"]
[BlackElo "2327"]
[Annotator "NA RC"]
[PlyCount "52"]
[EventDate "2022.04.06"]
[EventCountry "ISL"]
[SourceTitle "playchess.com"]
[Source "ChessBase"]
[SourceQuality "1"]
[TimeControl "40/5400+30:1800+30"]

1. d4 Nf6 2. Nf3 d5 3. c4 e6 4. Nc3 c6 5. e3 Nbd7 6. Be2 Bd6 7. O-O O-O 8. b3 b6 9. Bb2 Bb7 10. Qc2 Qe7 11. Rfd1 Rfd8 12. Rac1 Rac8 13. Qb1 c5 14. cxd5 exd5 15. g3 a6 16. dxc5 bxc5 17. Re1 Qf8 18. Qa1 Re8 19. Nd2 Ne5 20. Nd1 Qe7 21. Nf3 d4 22. Nxe5 Qxe5 23. f3 Qg5 24. Rc2 Bxg3 25. hxg3 Qxg3+ 26. Kf1 Ng4 0-1

[Event "Reykjavik Open 2022"]
[Site "Reykjavik"]
[Date "2022.04.09"]
[Round "5.29"]
[White "Heimisson, Hilmir Freyr"]
[Black "Zysko, Jan"]
[Result "1-0"]
[ECO "E64"]
[WhiteElo "2312"]
[BlackElo "2108"]
[Annotator "TA"]
[PlyCount "75"]
[EventDate "2022.04.06"]
[EventCountry "ISL"]
[SourceTitle "playchess.com"]
[Source "ChessBase"]
[SourceQuality "1"]
[TimeControl "40/5400+30:1800+30"]

1. c4 Nf6 2. Nc3 g6 3. Nf3 Bg7 4. g3 O-O 5. Bg2 d6 6. d4 c5 7. dxc5 dxc5 8. Ne5 {[%emt 0:00:05] [#] E64: King's Indian: Fianchetto: 6...c5 7 d5.} Nbd7 $146 ({Predecessor:} 8... Qxd1+ 9. Nxd1 Nfd7 10. Nxd7 Nxd7 11. Be3 Rb8 12. Rc1 b6 13. Nc3 Bb7 14. O-O Bxg2 15. Kxg2 Ne5 16. b3 Rbd8 17. Rfd1 Nc6 18. Bd2 Rd7 19. Be1 Rfd8 20. Rxd7 Rxd7 21. Rd1 Rxd1 22. Nxd1 e6 {½-½ (22) Danielsson,R (2098)-Cao,J (1990) Opatija 2013}) 9. Nd3 Nb6 10. Qb3 {[%emt 0:20:04] The position is equal.} Be6 $1 11. Nxc5 Bxc4 12. Qa3 Nbd5 13. Bd2 b5 {[%emt 0:15:25][%cal Bb7b5,Bb5b4][%mdl 32] White must now prevent ...b4.} 14. Nxd5 Nxd5 15. Rd1 a5 {[%emt 0:04:07] Hoping for ...b4.} 16. Bc1 $2 (16. b3 $1 $11 {and White has nothing to worry.} Nc3 17. bxc4 Nxd1 18. cxb5 (18. Kxd1 bxc4 19. Ke1 Rc8 $15)) 16... b4 17. Qa4 {[%emt 0:01:47] Threatens to win with Qc2.} Qd6 18. Qc2 Qxc5 $19 19. Bxd5 {[%emt 0:01:06] [#]} Bc3+ $1 20. bxc3 $17 Bxd5 21. O-O Bb7 22. Bh6 Rfc8 ({Much less strong is} 22... bxc3 23. Bxf8 Rxf8 24. Rd3 $18 (24. e4 Rc8 $16)) ({Don't play} 22... Qxc3 23. Qxc3 bxc3 24. Bxf8 Kxf8 25. Rd3 $16) 23. c4 Qc6 $40 {[%emt 0:03:52][%csl Gb7][%cal Rc6h1][%mdl 128] White is in trouble.} 24. f3 Qe6 ({Better is} 24... g5 $1 $19 25. Qe4 Qb6+ 26. c5 Qxc5+ 27. Qd4 Bd5 28. Qxc5 Rxc5) 25. c5 f6 26. e4 {[%emt 0:02:07] Inhibits Bd5.} (26. Rd2 $15) 26... g5 27. h4 {[%emt 0:00:03] [#]} gxh4 28. g4 Qe5 (28... Ba6 $17 29. Rf2 Bc4) 29. Be3 (29. Qb3+ $15 e6 30. Qe3) 29... Bc6 30. Rd2 {[%emt 0:02:20] [#]} (30. Qf2 $15) 30... Rd8 $1 $19 31. Rh2 (31. Qc4+ $17 Kg7 32. Rh2) 31... Bb5 32. Rc1 Rd3 33. Qf2 Rad8 (33... Qg3+ $19 34. Rg2 Qxf2+ 35. Bxf2 h3) 34. Re1 Rd1 (34... Qg3+ $19 35. Qxg3 hxg3) 35. Rxh4 $2 (35. Qxh4 $17 Rxe1+ 36. Qxe1) 35... Qa1 36. Rxd1 Rxd1+ 37. Kg2 Rb1 $4 (37... Re1 $19 38. Kg3 Re2) 38. Bd4 {[%emt 0:00:13] Quite a comeback for White.  Weighted Error Value: White=0.55/Black=0.39} 1-0

[Event "Reykjavik Open 2022"]
[Site "Reykjavik"]
[Date "2022.04.09"]
[Round "5.30"]
[White "Ruiz Buendia, Miguel"]
[Black "Lim, Zhuo Ren"]
[Result "0-1"]
[ECO "B96"]
[WhiteElo "2074"]
[BlackElo "2317"]
[Annotator "NA RC"]
[PlyCount "58"]
[EventDate "2022.04.06"]
[EventCountry "ISL"]
[SourceTitle "playchess.com"]
[Source "ChessBase"]
[SourceQuality "1"]
[TimeControl "40/5400+30:1800+30"]

1. e4 c5 2. Nf3 d6 3. d4 cxd4 4. Nxd4 Nf6 5. Nc3 a6 6. Bg5 e6 7. f4 Nbd7 8. Qf3 Qc7 9. O-O-O b5 10. g4 b4 11. Nd5 exd5 12. exd5 Be7 13. Re1 Nb8 14. Bxf6 gxf6 15. Re3 Qc5 16. Nb3 Qb6 17. Bd3 Ra7 18. Rhe1 Kd8 19. Qe4 f5 20. gxf5 Bf6 21. Qg2 Nd7 22. Nd2 Nc5 23. Nc4 Nxd3+ 24. cxd3 Qc5 25. Qh3 h5 26. b3 Bd7 27. d4 Qxd4 28. Nxd6 Rc7+ 29. Nc4 Rxc4+ 0-1

[Event "Reykjavik Open 2022"]
[Site "Reykjavik"]
[Date "2022.04.09"]
[Round "5.31"]
[White "Sarkar, Justin"]
[Black "Foerster-Yialamas, Lucas"]
[Result "1-0"]
[ECO "D78"]
[WhiteElo "2314"]
[BlackElo "2048"]
[Annotator "TA"]
[PlyCount "125"]
[EventDate "2022.04.06"]
[EventCountry "ISL"]
[SourceTitle "playchess.com"]
[Source "ChessBase"]
[SourceQuality "1"]
[TimeControl "40/5400+30:1800+30"]

1. d4 Nf6 2. c4 g6 3. g3 c6 4. Bg2 d5 5. Nf3 Bg7 6. b3 O-O 7. O-O Bf5 8. Bb2 Nbd7 9. Nc3 {[%emt 0:06:39] 9.e3 is becoming the main line.} Ne4 {[%emt 0:02:23] D78: Fianchetto Grünfeld: 6 0-0 c6.} 10. e3 Rc8 {[%emt 0:03:13] [#]} 11. Nd2 $146 (11. Rc1 $11) ({Predecessor:} 11. Nh4 Nxc3 12. Bxc3 Be6 13. cxd5 cxd5 14. Qd3 Nf6 15. Rfc1 Qd7 16. Bb4 Rfe8 17. a4 {0-1 (38) Kjartansson,G (2460)-Koziorowicz,M (2309) Katowice 2021}) 11... Nxc3 {[%emt 0:01:00] Black is slightly better.} 12. Bxc3 Nf6 13. Rc1 Qb6 14. Re1 Rfd8 15. c5 Qc7 16. b4 Qd7 17. a4 h5 18. f3 Bh6 19. Qe2 Re8 20. Qf1 g5 21. e4 dxe4 (21... Be6 $14) 22. fxe4 $18 Bg6 (22... Be6 $142 23. Nc4 Bg7) 23. Nc4 g4 24. Rcd1 Nh7 25. Ne5 Qc7 26. Nxg6 fxg6 27. Qc4+ e6 28. d5 Ng5 29. d6 Qd7 30. Rf1 Rf8 31. Bd2 Rxf1+ 32. Rxf1 ({Don't do} 32. Kxf1 $6 Nf7 33. Bxh6 Nxh6 $18) 32... Nh3+ 33. Bxh3 Bxd2 34. Bg2 Be3+ 35. Kh1 Bg5 36. h4 Bh6 (36... gxh3 37. Bxh3 Re8) 37. Rf6 Re8 38. Rxg6+ Kh7 39. Rf6 {[%emt 0:01:07] [#] aiming for e5.} Bg7 40. Rf1 $2 (40. e5) 40... Be5 41. Qd3 {[%emt 0:10:52] &Bianco is more active.} Rg8 (41... a6 $16 42. Qe3 Qg7) 42. b5 cxb5 43. Qxb5 ({Much less strong is} 43. axb5 b6) 43... Qxb5 44. axb5 {[%emt 0:00:02] [#] Black must now prevent Rf7+.} Bxg3 $2 {[%emt 0:01:32][%mdl 4096] Endgame KRB-KRB} (44... b6) 45. e5 Bxe5 46. Re1 Bxd6 47. cxd6 {[%emt 0:00:11][%cal Bc5d6,Bd6d7,Bd7d8,Bd8c7,Bc7g3][%mdl 32] KRB-KR} Kg7 48. Rxe6 {[%emt 0:00:27] Re7+ would kill now.} Kf7 49. Re7+ {[%emt 0:03:50] White mates.} Kf6 50. Rxb7 Ke5 51. d7 Kf4 52. Rxa7 Kg3 53. Ra8 Rg6 54. d8=B Re6 55. Ra3+ Kf2 56. Bc7 Re1+ 57. Kh2 Rb1 58. b6 g3+ 59. Bxg3+ Ke2 60. b7 Rd1 61. b8=R Rd8 62. Bf3+ Kf1 63. Ra1+ {[%emt 0:00:09] Weighted Error Value: White=0.19 (very precise) /Black=0.36} 1-0

[Event "Reykjavik Open 2022"]
[Site "Reykjavik"]
[Date "2022.04.09"]
[Round "5.32"]
[White "Murphy, Ryan"]
[Black "Bjornsson, Sigurbjorn"]
[Result "0-1"]
[ECO "B51"]
[WhiteElo "2051"]
[BlackElo "2315"]
[Annotator "TA"]
[PlyCount "136"]
[EventDate "2022.04.06"]
[EventCountry "ISL"]
[SourceTitle "playchess.com"]
[Source "ChessBase"]
[SourceQuality "1"]
[TimeControl "40/5400+30:1800+30"]

1. e4 c5 2. Nf3 d6 3. Bb5+ Nd7 4. c3 a6 5. Ba4 Ngf6 6. Qe2 b5 7. Bc2 Bb7 {[%emt 0:01:14] B51: Sicilian: Moscow Variation (3 Bb5+) without 3...Bd7.} 8. O-O g6 9. d4 Bg7 {[%emt 0:00:47] The position is equal.} 10. e5 dxe5 11. dxe5 Bxf3 12. gxf3 Nh5 13. e6 fxe6 14. a4 Rb8 15. axb5 axb5 {[%emt 0:00:38] [#]} 16. Qxe6 $146 {[%emt 0:00:08] And now Rd1 would win.} ({Predecessor:} 16. Rd1 Nhf6 17. Na3 Qb6 18. Bd3 c4 19. Nxc4 bxc4 20. Bxc4 e5 21. b4 e4 22. Bf4 {1-0 (34) Anton Guijarro,D (2654)-Kanmazalp,O (2445) Kocaeli 2017}) 16... Rb6 17. Qh3 O-O 18. Rd1 Rd6 19. Rxd6 exd6 20. Qe6+ Kh8 21. Be4 (21. Qxd6 Be5 22. Qe6 Qh4 $1 $19) 21... Nb6 {[%emt 0:12:24] Prevents Ra8.} 22. Ra6 ({Of course not} 22. Ra7 d5 23. Bc2 (23. Bxg6 $2 hxg6 24. Qxg6 Qe8 $19) 23... Re8 $17) (22. Bc6 $1 $11) 22... Re8 $1 $36 {[%emt 0:11:07][%mdl 2048] Black is in control.} 23. Qg4 d5 24. Bxg6 (24. Bg5 $2 Bf6 25. Bxg6 hxg6 $19) 24... hxg6 25. Qxg6 Nf6 {[%emt 0:01:30] Strongly threatening ...Re1+.} 26. Bh6 Bxh6 (26... Rg8 $19 {...Bxh6 is the strong threat.} 27. Bg5 Bf8) 27. Qxh6+ {[%emt 0:00:07] [#]} Kg8 $1 28. Qg6+ {[%emt 0:00:11] [#]} Kf8 $1 29. Nd2 Nbd7 (29... Qd6 $19 30. Nf1 (30. Qh6+ $2 Ke7 $19) 30... Qe6) 30. Nf1 ({Don't go for} 30. Qh6+ $2 Kf7 31. Nf1 Qc8 $19) 30... Qe7 31. Ng3 Qg7 32. Qf5 Qf7 33. Kg2 Re5 34. Ra8+ (34. Qf4 $17) 34... Kg7 35. Qb1 {[%emt 0:00:22] White does not recover from this.} (35. Qf4 $17) 35... Nh5 $19 {[%emt 0:00:40][%cal Bf6h5,Bh5f4,Bf4d3][%mdl 32] Threatens to win with ...Nf4+.} 36. Ra7 Nf4+ 37. Kh1 Qe6 38. Ra1 Qh3 39. Qf1 {[%emt 0:00:04] Prevents Qg2+.} Qxf1+ 40. Rxf1 Nd3 41. h4 Nf6 42. Kg2 Ne1+ 43. Kh3 Nxf3 44. Ra1 d4 45. cxd4 cxd4 46. Ra7+ Kf8 {[%emt 0:02:05] Hoping for ...d3.} 47. Ra8+ Kf7 {[%emt 0:02:42] White must now prevent ...d3.} 48. Ra7+ Re7 49. Ra3 Ne5 50. Rb3 d3 51. Nf1 Rd7 52. Rxb5 Nc4 ({Wrong is} 52... d2 $2 53. Nxd2 Rd3+ 54. Kg2 $19) 53. b3 {[%emt 0:01:15] [#]} d2 $1 54. Nxd2 Nxd2 55. Re5 Nde4 56. h5 Nxf2+ 57. Kg2 Rd2 {[%emt 0:00:33] ( -> ...N2g4+)} 58. Kf3 N2g4 59. Ra5 Ke6 {[%emt 0:00:47] aiming for ...Ne5+.} 60. Ra6+ Kf5 {[%emt 0:00:13] Black mates.} 61. Ra5+ Ne5+ 62. Ke3 Rd3+ 63. Ke2 Rh3 64. h6 Kf4 65. b4 Rh2+ 66. Kd1 Ne4 67. h7 Nd3 68. h8=Q Rd2# {[%emt 0:00:17] Weighted Error Value: White=0.28 (precise) /Black=0.11 (very precise)} 0-1

[Event "Reykjavik Open 2022"]
[Site "Reykjavik"]
[Date "2022.04.09"]
[Round "5.34"]
[White "Baskin, Robert"]
[Black "Dietzsch, Herbert"]
[Result "1-0"]
[ECO "E09"]
[WhiteElo "2383"]
[BlackElo "2027"]
[Annotator "NA RC"]
[PlyCount "53"]
[EventDate "2022.04.06"]
[EventCountry "ISL"]
[SourceTitle "playchess.com"]
[Source "ChessBase"]
[SourceQuality "1"]
[TimeControl "40/5400+30:1800+30"]

1. Nf3 e6 2. g3 Nf6 3. Bg2 Be7 4. O-O O-O 5. c4 d5 6. d4 c6 7. Qc2 Re8 8. Nbd2 Nbd7 9. e4 dxe4 10. Nxe4 Nxe4 11. Qxe4 Bf6 12. Bf4 Nf8 13. Be5 Bd7 14. Rfd1 Rc8 15. c5 Ng6 16. h4 Bxe5 17. dxe5 Ne7 18. Ng5 g6 19. Qf3 Rf8 20. Ne4 Nd5 21. h5 Qe7 22. Nf6+ Kg7 23. Nxd7 Qxd7 24. Qf6+ Kh6 25. Bxd5 exd5 26. Qf4+ Kxh5 27. Qh4# 1-0

[Event "Reykjavik Open 2022"]
[Site "Reykjavik"]
[Date "2022.04.09"]
[Round "5.35"]
[White "Olesen, Poul Erik Norgaard"]
[Black "Vardaan Nagpal"]
[Result "0-1"]
[ECO "C24"]
[WhiteElo "1981"]
[BlackElo "2378"]
[Annotator "TA"]
[PlyCount "122"]
[EventDate "2022.04.06"]
[EventCountry "ISL"]
[SourceTitle "playchess.com"]
[Source "ChessBase"]
[SourceQuality "1"]
[TimeControl "40/5400+30:1800+30"]

1. e4 e5 2. Bc4 Nf6 3. d3 c6 4. Bb3 d5 5. Nd2 a5 6. c3 {[%emt 0:00:30] C24: Bishop's Opening: 2...Nf6.} Bd6 7. Ngf3 O-O 8. O-O {[%emt 0:02:16] The position is equal.} Nbd7 9. Re1 Re8 10. Nf1 {[%emt 0:04:12] [#]} h6 $146 ({Predecessor:} 10... Nc5 11. Bc2 Bc7 12. d4 exd4 13. e5 d3 14. Bb1 Nfe4 15. Bxd3 Nxd3 16. Qxd3 Bxe5 17. Nxe5 Rxe5 {½-½ (30) Gabriel,J (2073)-Schallner,M (1975) Ditzingen 2016}) 11. Ng3 Nf8 12. Nh4 dxe4 13. dxe4 Bc5 14. Be3 Bxe3 15. Rxe3 Qxd1+ 16. Rxd1 a4 17. Bc4 Be6 18. Bxe6 Nxe6 19. f3 g6 20. Re2 Red8 21. Red2 Rxd2 22. Rxd2 Kf8 23. Kf2 Ke7 24. Ne2 Nd7 (24... Nc5 $15 25. Rc2 a3) 25. g3 $11 Nb6 26. Ng2 Nc4 27. Rc2 Nc5 {[%emt 0:00:28] [#] Strongly threatening ...Nd3+.} 28. Nc1 {[%emt 0:01:16] Prevents Nd3+.} Rd8 {[%emt 0:01:58] And now ...Rd1 would win.} 29. Ne3 {[%emt 0:01:51] Inhibits Rd1.} Nxe3 30. Kxe3 $15 {[%emt 0:00:09][%mdl 4096] Endgame KRN-KRN} Rd1 31. b4 $1 Ne6 32. Nd3 f6 $1 33. Nb2 Re1+ 34. Re2 (34. Kf2 $5 Rh1 35. Kg2 $14) 34... Rc1 35. Nxa4 b5 36. Kd2 Ra1 37. Nc5 Nxc5 38. bxc5 Rxa2+ $11 {[%emt 0:00:03] KR-KR} 39. Kd3 Ra4 40. Rc2 Ra3 41. Rb2 Ke6 (41... h5 $15 {is superior.}) 42. Kc2 f5 43. Rb3 Ra7 44. Rb1 Ra2+ 45. Kb3 Ra4 46. Rd1 fxe4 47. fxe4 (47. Rd6+ $1 $11 {remains equal.} Kf5 48. fxe4+ Rxe4 49. Rxc6) 47... Rxe4 $17 48. Rd6+ Kf5 49. Rxc6 Rc4 50. Rc8 Ke4 ({Black should try} 50... g5 $17 {aiming for ...Kg4.} 51. c6 Kg4) 51. c6 $1 $11 Ke3 52. c7 e4 53. Rg8 $2 (53. g4 $11) 53... Rxc7 $19 54. Rxg6 Kd2 $2 (54... Rf7 {White must now prevent ...Kf2.} 55. Kc2 Rf2+ 56. Kb3 Rxh2) 55. Rd6+ Ke2 56. Rd5 $2 {[%emt 0:00:20][%mdl 8192] Now White is beyond hope.} (56. Rxh6 $17 e3 57. g4) 56... e3 {[%emt 0:04:36] [#] Hoping for ...Rf7.} 57. Rxb5 Rf7 {[%emt 0:00:02] ( -> ...Kf1)} 58. Re5 Kf2 {[%emt 0:00:07] Black mates.} 59. c4 e2 60. c5 Rf3+ 61. Kc4 Re3 {[%emt 0:00:08] Weighted Error Value: White=0.63/Black=0.18 (very precise)} 0-1

[Event "Reykjavik Open 2022"]
[Site "Reykjavik"]
[Date "2022.04.09"]
[Round "5.36"]
[White "Rice, Chris B"]
[Black "Hedman, Erik"]
[Result "0-1"]
[ECO "A01"]
[WhiteElo "1989"]
[BlackElo "2368"]
[Annotator "NA RC"]
[PlyCount "66"]
[EventDate "2022.04.06"]
[EventCountry "ISL"]
[SourceTitle "playchess.com"]
[Source "ChessBase"]
[SourceQuality "1"]
[TimeControl "40/5400+30:1800+30"]

1. b3 Nf6 2. Bb2 g6 3. Bxf6 exf6 4. c4 d5 5. cxd5 Qxd5 6. Nc3 Qd8 7. g3 c6 8. Bg2 Ba3 9. Qc2 O-O 10. Nf3 Bf5 11. d3 Re8 12. O-O Qd7 13. Nd2 Bh3 14. Nce4 Be7 15. Qc3 Bxg2 16. Kxg2 f5 17. Nf6+ Bxf6 18. Qxf6 Qd5+ 19. Kg1 Nd7 20. Qc3 Rxe2 21. Rfe1 Rae8 22. Rxe2 Rxe2 23. Nc4 b5 24. Ne3 Qf3 25. Rf1 Rxa2 26. Nc2 Qe2 27. Nb4 Rd2 28. Nxc6 Rxd3 29. Qa1 Rd2 30. b4 f4 31. Qc3 Rc2 32. Qd4 f3 33. h4 Qxf1+ 0-1

[Event "Reykjavik Open 2022"]
[Site "Reykjavik"]
[Date "2022.04.09"]
[Round "5.37"]
[White "Kolbus, Dietmar"]
[Black "Moerman, Thomas"]
[Result "1-0"]
[ECO "A14"]
[WhiteElo "2305"]
[BlackElo "2010"]
[Annotator "TA"]
[PlyCount "85"]
[EventDate "2022.04.06"]
[EventCountry "ISL"]
[SourceTitle "playchess.com"]
[Source "ChessBase"]
[SourceQuality "1"]
[TimeControl "40/5400+30:1800+30"]

1. c4 Nf6 2. Nf3 e6 3. g3 d5 4. Bg2 Be7 5. O-O O-O 6. b3 c5 7. cxd5 $1 {[%emt 0:01:11][%mdl 4] is currently scoring better than 7.Bb2.} Nxd5 8. Bb2 Bf6 {[%emt 0:02:08] A14: English Opening: 1...e6 with b3 by White.} 9. Qc1 {[%emt 0:00:12] [#]} ({White should try} 9. d4 $14) 9... Qe7 $146 ({Predecessor:} 9... Nc6 10. Nc3 Nxc3 11. Bxc3 Nd4 12. Re1 Rb8 13. Nxd4 Bxd4 14. Qa3 a6 15. Bxd4 cxd4 16. Rac1 b6 17. Rc6 Bb7 18. Rd6 Qe7 19. Qb4 Bxg2 20. Kxg2 e5 21. Rc1 a5 22. Qa3 Rbc8 23. Rc4 b5 24. Rxc8 Rxc8 25. Rc6 Qb7 {0-1 (25) Skembris,S (2393)-Mastrovasilis,A (2497) Rio Achaea 2018}) 10. Nc3 Nxc3 {[%emt 0:06:15] White is slightly better.} 11. Bxc3 Bxc3 12. Qxc3 Nc6 13. Rac1 b6 $1 14. d4 Nb4 15. Qb2 ({But not} 15. dxc5 Nxa2 16. Qb2 Nxc1 $17) 15... cxd4 16. Nxd4 Bb7 17. Bxb7 Qxb7 18. Rc4 Nd5 19. Rfc1 Rac8 20. Nc6 {[%emt 0:03:55] [#] aiming for e4.} b5 21. Rc5 {[%emt 0:14:46] &Bianco is more active.} ({Don't blunder} 21. Rg4 $2 f5 22. Rg5 g6 $19) 21... b4 (21... Rce8 $14) 22. a3 (22. R1c4 $16) 22... Nc3 {[%emt 0:04:29] [#]} (22... bxa3 $14 {is more appropriate.} 23. Qxa3 Ra8) 23. axb4 $1 $16 Rxc6 24. Rxc6 ({Don't take} 24. R1xc3 Rd6 25. Qc2 Qxb4 $11) (24. Qxc3 {looks sharper.} Rd6 25. Rc8 Rd1+ 26. Rxd1 Rxc8 27. Rd4) 24... Qxc6 25. Qxc3 {[%emt 0:00:07][%mdl 4096] Endgame KQR-KQR} Qb7 26. Qc5 h6 27. f3 Rb8 28. Rc4 Qa6 29. Qc7 Rb7 30. Qd8+ Kh7 31. Qd3+ g6 32. Qd4 {[%emt 0:01:09] Hoping for Rc8.} Qb6 33. Qxb6 axb6 {[%emt 0:00:26] KR-KR} ({Black should play} 33... Rxb6 34. Kf2 Ra6) 34. b5 Kg7 35. Kf2 Kf6 36. Ke3 Ke5 37. Rc6 Kd5 38. f4 Ra7 $2 (38... g5 39. Kd3 f5) 39. Kd3 $18 {[%emt 0:00:11][%csl Gd3][%cal Re2e4] White is clearly winning.} f5 {[%emt 0:00:47] Inhibits e4+.} 40. Rxb6 Ra3 41. Kc3 {[%emt 0:10:21] Black must now prevent Ra6.} Ra2 42. Rc6 Rxe2 (42... Ra8 $142 43. Kb4 Rb8) 43. Rc8 {[%emt 0:00:10] Weighted Error Value: White=0.06 (flawless) /Black=0.31} 1-0

[Event "Reykjavik Open 2022"]
[Site "Reykjavik"]
[Date "2022.04.09"]
[Round "5.38"]
[White "Burlacu, Bogdan"]
[Black "Balzer, Lars"]
[Result "1-0"]
[ECO "B15"]
[WhiteElo "2294"]
[BlackElo "2018"]
[Annotator "NA RC"]
[PlyCount "69"]
[EventDate "2022.04.06"]
[EventCountry "ISL"]
[SourceTitle "playchess.com"]
[Source "ChessBase"]
[SourceQuality "1"]
[TimeControl "40/5400+30:1800+30"]

1. e4 g6 2. d4 c6 3. Nc3 d5 4. h3 Bg7 5. Nf3 dxe4 6. Nxe4 Nf6 7. Nxf6+ exf6 8. Bc4 O-O 9. O-O a5 10. a4 Na6 11. Bf4 Nc7 12. Bb3 Nd5 13. Bd2 Qc7 14. c4 Nf4 15. Be3 f5 16. d5 Nh5 17. d6 Qd8 18. c5 Nf6 19. Bd4 Ne4 20. Re1 Re8 21. Bxg7 Kxg7 22. Qd4+ f6 23. Bc2 Be6 24. Bxe4 fxe4 25. Rxe4 Bd5 26. Rxe8 Qxe8 27. Re1 Qf8 28. Re7+ Kg8 29. Qh4 h5 30. Qf4 Rd8 31. Nh4 g5 32. Qf5 Bf7 33. Qxf6 gxh4 34. Rxf7 Qxf7 35. Qxd8+ 1-0